 Dungeon Crawl Stone Soup version 0.23-a0-558-g30802b1 (webtiles) character file.

71 zishaf the Poker (level 4, 0/37 HPs)
             Began as a Merfolk Monk on Dec 12, 2018.
             Slain by Crazy Yiuf
             ... wielding a +4 quarterstaff of chaos
              (8 damage)
             ... on level 2 of the Dungeon.
             The game lasted 00:03:47 (2572 turns).

zishaf the Poker (Merfolk Monk)                     Turns: 2572, Time: 00:03:48

Health: 0/37       AC: 11    Str: 11    XL:     4   Next: 24%
Magic:  3/4        EV:  3    Int: 13    God:
Gold:   169        SH:  0    Dex: 16    Spells: 3/3 levels left

rFire    . . .     SeeInvis .   a - +0 spear
rCold    . . .     Gourm    .   (no shield)
rNeg     . . .     Faith    .   t - +0 plate armour (curse)
rPois    .         Spirit   .   (no helmet)
rElec    .         Reflect  .   j - +0 cloak
rCorr    .         Harm     .   (no gloves)
MR       .....                  (no boots)
Stlth    ..........             (no amulet)
HPRegen  0.12/turn              k - ring of attention (curse)
MPRegen  0.09/turn              p - +3 ring of intelligence

@: lethally poisoned (0 -> -8)
A: change form in water, swift swim, stealthy swim
a: no special abilities


You were on level 2 of the Dungeon.
You were not hungry.

You visited 1 branch of the dungeon, and saw 2 of its levels.

You collected 169 gold pieces.

Inventory:

Hand Weapons
 a - a +0 spear (weapon)
 g - a +0 hunting sling
Missiles
 e - a throwing net (quivered)
 i - 68 stones
Armour
 b - a +0 robe
 j - a +0 cloak (worn)
 t - a cursed +0 plate armour (worn)
Jewellery
 k - a cursed ring of attention (left hand)
 p - a +3 ring of intelligence (right hand)
Scrolls
 l - 2 scrolls of remove curse {unknown}
 o - a scroll of blinking {unknown}
 r - a scroll of magic mapping {unknown}
 s - a scroll of identify {unknown}
Potions
 d - 3 potions of heal wounds {unknown}
 f - 2 potions of curing {unknown}
 h - a potion of cancellation {unknown}
 m - a potion of haste {unknown}
 n - a potion of degeneration {unknown}
Comestibles
 c - 6 rations


   Skills:
 + Level 3.9 Fighting
 + Level 5.2 Polearms
 + Level 4.7 Dodging
 + Level 3.2 Stealth


You had 3 spell levels left.
You didn't know any spells.
Your spell library was empty.

Dungeon Overview and Level Annotations

Branches:
Dungeon (2/15)

Altars:

Annotations:
D:2 Crazy Yiuf


Message History

You feel sick.
Crazy Yiuf says, "Hack eyeball tired!"
Crazy Yiuf hits you but does no damage.
You are electrocuted!
* * * LOW HITPOINT WARNING * * *
Your plate armour prevents you from hitting Crazy Yiuf.
Crazy Yiuf is moderately wounded.
* * * LOW HITPOINT WARNING * * *
You feel sick.
Crazy Yiuf hits you with a +4 quarterstaff of chaos.
* * * LOW HITPOINT WARNING * * *
You hit Crazy Yiuf.
Crazy Yiuf is heavily wounded.
* * * LOW HITPOINT WARNING * * *
You feel sick.
Your plate armour prevents you from hitting Crazy Yiuf.
Crazy Yiuf is heavily wounded.
* * * LOW HITPOINT WARNING * * *
You feel sick.
Crazy Yiuf hits you with a +4 quarterstaff of chaos!
You die...

#.....................######
#..........................#
#...........##############.##
#.........### #..#
#.........# ##.# ###########
#.# ########## #### #####.#
.........# #)..### ##.....#
########.# #..g@.####.P....#
.........# #...##..#.P....##
########## #### ###.#.P..##
########


You could see Crazy Yiuf.

Vanquished Creatures
  A gnoll (D:1)
  2 adders
  2 dart slugs (D:1)
  2 leopard geckos
  A giant cockroach (D:2)
  7 hobgoblins
  2 bats
  4 frilled lizards
  9 goblins
  5 kobolds (D:1)
  2 rats (D:1)
37 creatures vanquished.

Notes
Turn   | Place    | Note
-------+----------+-------------------------------------------
     0 | D:1      | zishaf the Merfolk Monk began the quest for the Orb.
     0 | D:1      | Reached XP level 1. HP: 18/18 MP: 1/1
   271 | D:1      | Reached XP level 2. HP: 22/24 MP: 2/2
   403 | D:1      | Reached XP level 3. HP: 11/30 MP: 3/3
  1085 | D:1      | Reached skill level 5 in Polearms
  1612 | D:2      | Reached XP level 4. HP: 6/37 MP: 4/4
  2213 | D:2      | Found a runed door.
  2563 | D:2      | Noticed Crazy Yiuf
  2572 | D:2      | Slain by Crazy Yiuf

Vault maps used:
D:1:      matt_arrival_diagonals
D:2:      first_ration, uniq_crazy_yiuf_cottage

Skill      XL: |  1  2  3 |
---------------+----------+-----
Polearms       | 5 |  5.2
Stealth        | 3 |  3.2
Fighting       | |  3.9
Dodging        | |  4.7

Action                   |  1- 3 |  4- 6 || total
-------------------------+-------+-------++-------
Melee: Spear             |   159 |    48 ||   207
 Stab: Sleeping          |     2 |       ||     2
  Eat: Chunk             |     2 |     3 ||     5
Armor: Robe              |    13 |     4 ||    17
       Plate armour      |       |     1 ||     1
Dodge: Dodged            |    58 |    17 ||    75

Table legend:
 A = Non-vault XP
 B = Vault XP
 C = Vault XP percentage of total XP
 D = Non-vault monster count
 E = Vault monster count
 F = Vault count percentage of total count
                 A         B        C        D         E       F
            +---------+---------+-------+---------+---------+-------
      Total |     102 |       0 |   0.0 |      37 |       0 |   0.0
            +---------+---------+-------+---------+---------+-------
        D:1 |      76 |       0 |   0.0 |      29 |       0 |   0.0
        D:2 |      26 |       0 |   0.0 |       8 |       0 |   0.0
            +---------+---------+-------+---------+---------+-------
